 Dungeon Sprint DCSS version 0.21.2 (webtiles) character file.

3539 Fang the Cleaver (level 10, -2/108 HPs)
             Began as a Gargoyle Berserker on Dec 20, 2018.
             Was a High Priest of Trog.
             Slain by an efreet
             ... wielding a +4 scimitar of flaming
              (15 damage)
             ... in the Dungeon (Sprint VII: "The Pits").
             The game lasted 00:02:28 (1702 turns).

Fang the Cleaver (Gargoyle Berserker)               Turns: 1702, Time: 00:02:29

Health: -2/108     AC: 22    Str: 29    XL:     10   Next: 8%
Magic:  10/10      EV: 11    Int: 11    God:    Trog [*****.]
Gold:   0          SH:  0    Dex: 12    Spells: 9/9 levels left

rFire    . . .     SeeInvis .   t - +2 war axe (chop)
rCold    . . .     Gourm    .   (no shield)
rNeg     + . .     Faith    .   u - +4 chain mail
rPois    ∞         Spirit   .   (no helmet)
rElec    +         Reflect  .   (no cloak)
rCorr    .         Harm     .   (no gloves)
MR       .....     NoTele   +   (no boots)
Stlth    ..........             (no amulet)
HPRegen  0.28/turn              r - +3 ring of intelligence
MPRegen  0.12/turn              o - +3 ring of dexterity

@: berserking, very quick
A: negative energy resistance 1, electricity resistance, unbreathing,
petrification resistance, rot immunity, AC +7
a: Berserk, Trog's Hand, Brothers in Arms, Burn Spellbooks, Renounce Religion


You were in the Dungeon.
You worshipped Trog.
Trog was extremely pleased with you.
You were very hungry.

You visited 1 branch

Inventory:

Hand Weapons
 t - a +2 war axe of chopping (weapon)
Armour
 u - a +4 chain mail (worn)
Jewellery
 o - a +3 ring of dexterity (right hand)
 r - a +3 ring of intelligence (left hand)
Scrolls
 i - a scroll of blinking
 k - 3 scrolls of remove curse
 l - a scroll of summoning
Potions
 a - 2 potions of invisibility
 d - 6 potions of curing
 e - 12 potions of heal wounds
 f - a potion of haste
 g - 4 potions of magic
 h - 4 potions of berserk rage
 p - 2 potions of agility
 q - a potion of resistance
 s - a potion of brilliance
Comestibles
 c - 9 rations


   Skills:
 + Level 12.6 Fighting
 + Level 14.8 Axes
 + Level 10.0 Armour
 + Level 5.6 Dodging
 + Level 2.4 Stealth


You had 9 spell levels left.
You didn't know any spells.

Dungeon Overview and Level Annotations

Branches:
Dungeon (1/1)

Altars:
Ashenzari
Cheibriados
Dithmenos
Elyvilon
Fedhas
Gozag
Hepliaklqana
Kikubaaqudgha
Makhleb
Nemelex Xobeh
Okawaru
Qazlal
Ru
Sif Muna
Trog
Uskayaw
Vehumet
Wu Jian
Xom
Yredelemnul
Zin
The Shining One
Beogh
Jiyva
Lugonu


Innate Abilities, Weirdness & Mutations

You are resistant to torment.
Your stone body is resilient. (AC +7)
You are immune to poison.
You resist negative energy. (rN+)
You are resistant to electric shocks. (rElec)
You can survive without breathing.
You are immune to petrification.
You are immune to rotting.


Message History

The redback bites you!
You are too injured to fight recklessly!
You are too injured to fight recklessly!
You are too injured to fight recklessly!
You are too injured to fight recklessly!
You are too injured to fight recklessly!
You are too injured to fight recklessly!
A red film seems to cover your vision as you go berserk!
You feel yourself moving faster!
You feel mighty!
You are feeling very hungry.
The redback bites you! The efreet gestures at you. The bolt of fire hits you!
* * * LOW HITPOINT WARNING * * *
The redback barely misses you.
You slash the efreet!
The efreet is heavily wounded.
You slice the redback!!
The efreet hits you with a scimitar of flaming!
You die...

#................+
'................+
#......#..#......#
#................#
####'#####''######
#.......##''# ##### ###
#.......##..###...###..+
#.......##...##.sR##..#
#...<...###...##@##..##
#.......# ##..........##
#.......###..###+###...#
#.......##..## ##..#
##########..+ +..+
##########..## ##†.#
...#..[[###..###+###...#
...#..[[# ##††...)....##
...'..).# #...##+##..##


You could see an efreet and a redback.

Vanquished Creatures
  Harold (D)
  A shadow wraith (D)
  A sea snake (D)
  A manticore (D)
  A black mamba (D)
  A flying skull (D)
  A redback (D)
  A tarantella (D)
  A swamp drake (D)
  A floating eye (D)
  A small abomination (D)
  A necrophage (D)
  An ogre (D)
  A bullfrog (D)
  A jelly (D)
  An orc wizard (D)
  An orc priest (D)
  A mummy (D)
  A gnoll (D)
  2 oozes (D)
  An adder zombie (D)
  A leopard gecko (D)
  2 orcs (D)
  3 giant cockroaches (D)
  A goblin (D)
  A quokka (D)
  2 frilled lizards (D)
  2 rats (D)
34 creatures vanquished.

Notes
Turn   | Place    | Note
-------+----------+-------------------------------------------
     0 | D        | Fang the Gargoyle Berserker began the quest for the Orb.
     0 | D        | Reached XP level 1. HP: 14/14 MP: 1/1
    51 | D        | Reached skill level 3 in Axes
    52 | D        | Reached ** piety under Trog
    65 | D        | Reached XP level 2. HP: 18/20 MP: 2/2
   101 | D        | Reached *** piety under Trog
   106 | D        | Reached skill level 4 in Axes
   106 | D        | Reached XP level 3. HP: 25/25 MP: 3/3
   186 | D        | Found a bloodstained altar of Trog.
   186 | D        | Found a deep blue altar of Sif Muna.
   186 | D        | Found a viscous altar of Jiyva.
   186 | D        | Found a hazy altar of Hepliaklqana.
   186 | D        | Found an opulent altar of Gozag.
   190 | D        | Found a glowing golden altar of the Shining One.
   190 | D        | Found a glowing silver altar of Zin.
   190 | D        | Found a basalt altar of Yredelemnul.
   190 | D        | Found a shimmering altar of Xom.
   190 | D        | Found an ornate altar of the Wu Jian Council.
   190 | D        | Found a sacrificial altar of Ru.
   190 | D        | Found a stormy altar of Qazlal.
   190 | D        | Found an iron altar of Okawaru.
   190 | D        | Found a sparkling altar of Nemelex Xobeh.
   190 | D        | Found a burning altar of Makhleb.
   190 | D        | Found a blossoming altar of Fedhas.
   190 | D        | Found a white marble altar of Elyvilon.
   190 | D        | Found a shadowy altar of Dithmenos.
   190 | D        | Found a snail-covered altar of Cheibriados.
   191 | D        | Found a radiant altar of Vehumet.
   191 | D        | Found a corrupted altar of Lugonu.
   191 | D        | Found a roughly hewn altar of Beogh.
   192 | D        | Found a hide-covered altar of Uskayaw.
   192 | D        | Found an ancient bone altar of Kikubaaqudgha.
   192 | D        | Found a shattered altar of Ashenzari.
   221 | D        | Reached skill level 5 in Fighting
   221 | D        | Reached **** piety under Trog
   270 | D        | Reached skill level 5 in Axes
   270 | D        | Reached XP level 4. HP: 15/32 MP: 4/4
   527 | D        | Reached skill level 6 in Axes
   533 | D        | Reached ***** piety under Trog
   533 | D        | Reached XP level 5. HP: 36/37 MP: 5/5
   538 | D        | Noticed a flying skull
   554 | D        | Killed a flying skull
   554 | D        | Reached skill level 9 in Axes
   554 | D        | Reached XP level 6. HP: 21/44 MP: 6/6
   795 | D        | Noticed a swamp drake
   802 | D        | Killed a swamp drake
   802 | D        | Received a gift from Trog
   812 | D        | Reached skill level 10 in Axes
   812 | D        | Reached skill level 5 in Armour
   812 | D        | Reached XP level 7. HP: 48/50 MP: 7/7
   892 | D        | Noticed a tarantella
   898 | D        | Killed a tarantella
   898 | D        | Reached skill level 11 in Axes
   898 | D        | Reached skill level 1 in Stealth
   909 | D        | Killed a shadow wraith
   909 | D        | Received a gift from Trog
   909 | D        | Reached skill level 10 in Fighting
   909 | D        | Reached skill level 12 in Axes
   909 | D        | Reached XP level 8. HP: 16/58 MP: 8/8
  1221 | D        | Noticed a manticore
  1222 | D        | Paralysed by a floating eye for 3 turns
  1232 | D        | Killed a manticore
  1232 | D        | Reached skill level 13 in Axes
  1232 | D        | Reached skill level 5 in Dodging
  1232 | D        | Reached XP level 9. HP: 46/64 MP: 9/9
  1430 | D        | Noticed a sea snake
  1430 | D        | Noticed a black mamba
  1435 | D        | Killed a black mamba
  1444 | D        | Killed a sea snake
  1444 | D        | Reached skill level 14 in Axes
  1483 | D        | Noticed Harold
  1495 | D        | Killed Harold
  1495 | D        | Reached XP level 10. HP: 41/72 MP: 10/10
  1634 | D        | Reached skill level 10 in Armour
  1702 | D        | Slain by an efreet

Skill      XL: |  1  2  3  4  5  6  7  8  9 10 |
---------------+-------------------------------+-----
Axes           | 3 4 5 6 9 10 12 13 14 | 14.8
Fighting       | 4 6 8 10 11 12 | 12.6
Dodging        | 2 3 4 5 |  5.6
Armour         | 3 4 5 7 8 9 10 | 10.0
Stealth        | 1 2 |  2.4

Action                   |  1- 3 |  4- 6 |  7- 9 | 10-12 || total
-------------------------+-------+-------+-------+-------++-------
Melee: Hand axe          |    26 |    39 |    27 |       ||    92
       War axe           |       |       |    28 |    11 ||    39
Invok: Berserk           |     1 |       |     3 |     1 ||     5
  Eat: Chunk             |       |       |     5 |     1 ||     6
Armor: Animal skin       |     3 |       |       |       ||     3
       Chain mail        |     8 |    14 |    28 |     4 ||    54
Dodge: Dodged            |    15 |    16 |    13 |     9 ||    53
